PAA
LAKE MINNETONKA LOVE BOATS @ RENO SILVER SOX
09/18/2033
 
TOP OF THE 1ST
Lake Minnetonka Love Boats batting - Pitching for Reno Silver Sox : RHP Charlie Fairthorne
Pitching: RHP Charlie Fairthorne
Batting: LHB Tom Haymon 0-0: Foul Ball, location: 2F
0-1: Ball
1-1: Ball
2-1: Ball
3-1: Ground out 6-3 (Groundball, 6)
Batting: RHB Michael Sweeney 0-0: Called Strike
0-1: Ball
1-1: Foul Ball, location: 2F
1-2: Foul Ball, location: 2F
1-2: Fly out, F9 (Line Drive, 9)
Batting: RHB Mario van Heijbeeck 0-0: Called Strike
0-1: Called Strike
0-2: Ball
1-2: Strikes out swinging
Top of the 1st over - 0 runs, 0 hits, 0 errors, 0 left on base; Lake Minnetonka 0 - Reno 0
BOTTOM OF THE 1ST
Reno Silver Sox batting - Pitching for Lake Minnetonka Love Boats : LHP Isaaka Ienimea
Pitching: LHP Isaaka Ienimea
Batting: RHB Lee Storment 0-0: Ball
1-0: Ball
2-0: Ball
3-0: Called Strike
3-1: Base on Balls
Batting: RHB Jean Lechuga 0-0: Ball
1-0: Ball
2-0: Ball
3-0: Called Strike
3-1: Foul Ball, location: 2F
3-2: Strikes out swinging
Batting: RHB Daniel Bertrand 0-0: Ball
1-0: Ball
2-0: Foul Ball, location: 2F
2-1: SINGLE (Groundball, 34D)
Lee Storment to second
Runner from 2nd tries for 3rd, SAFE, no throw
Batting: RHB Juan Laguna 0-0: Ball
Daniel Bertrand steals 2nd base
1-0: Called Strike
1-1: Foul Ball, location: 2F
1-2: Foul Ball, location: 2F
1-2: Ball
2-2: Ball
Wild Pitch!
Lee Storment scores
Daniel Bertrand to third
3-2: Strikes out looking
Batting: RHB Carlos González 0-0: Called Strike
0-1: Ball
1-1: Foul Ball, location: 2F
1-2: DOUBLE (Flyball, 8LXD)
Daniel Bertrand scores
Batting: RHB Roy Burns 0-0: Foul Ball, location: 2F
0-1: Swinging Strike
0-2: Ball
1-2: Foul Ball, location: 2F
1-2: Ball
2-2: SINGLE (Groundball, 25) (infield hit)
Carlos González to third
Batting: LHB Marcos Costa 0-0: Ball
1-0: Fielders Choice at 2nd, 6-4 (Groundball, 6D)
Bottom of the 1st over - 2 runs, 3 hits, 0 errors, 2 left on base; Lake Minnetonka 0 - Reno 2
TOP OF THE 2ND
Lake Minnetonka Love Boats batting - Pitching for Reno Silver Sox : RHP Charlie Fairthorne
Batting: LHB Juan Ramírez 0-0: Called Strike
0-1: Reached on error, E5 (Groundball, 56)
Batting: RHB Ed St. James 0-0: Grounds into double play, 6-4-3 (Groundball, 6)
Batting: LHB Matt Palmer 0-0: Ball
1-0: Ball
2-0: Ball
3-0: Base on Balls
Batting: RHB Francisco Guerra 0-0: Ball
1-0: Swinging Strike
1-1: Swinging Strike
1-2: SINGLE (Groundball, 6MD)
Matt Palmer to second
Matt Palmer to third
Batting: RHB Hatui Haunani 0-0: Ball
1-0: Foul Ball, location: 2F
1-1: Ball
2-1: Foul Ball, location: 2F
2-2: Foul Ball, location: 2F
2-2: Fly out, F7 (Flyball, 7)
Top of the 2nd over - 0 runs, 1 hit, 1 error, 2 left on base; Lake Minnetonka 0 - Reno 2
BOTTOM OF THE 2ND
Reno Silver Sox batting - Pitching for Lake Minnetonka Love Boats : LHP Isaaka Ienimea
Batting: RHB Cody Blackburn 0-0: Called Strike
0-1: Ball
1-1: Ball
2-1: Ground out 6-3 (Groundball, 56D)
Batting: LHB Luis Aranda 0-0: Foul Ball, location: 2F
0-1: Swinging Strike
0-2: Ball
1-2: Strikes out swinging
Batting: RHB Lee Storment 0-0: Fly out, F8 (Flyball, 8RD)
Bottom of the 2nd over - 0 runs, 0 hits, 0 errors, 0 left on base; Lake Minnetonka 0 - Reno 2
TOP OF THE 3RD
Lake Minnetonka Love Boats batting - Pitching for Reno Silver Sox : RHP Charlie Fairthorne
Batting: RHB Yoshii Saikawa 0-0: Foul Ball, location: 2F
0-1: Ball
1-1: Swinging Strike
1-2: Ground out 5-3 (Groundball, 5)
Batting: LHB Tom Haymon 0-0: Foul Ball, location: 2F
0-1: Ball
1-1: Ball
2-1: Foul Ball, location: 2F
2-2: Ball
3-2: Ground out 4-3 (Groundball, 34)
Batting: RHB Michael Sweeney 0-0: Ball
1-0: Swinging Strike
1-1: Called Strike
1-2: Ground out 6-3 (Groundball, 6)
Top of the 3rd over - 0 runs, 0 hits, 0 errors, 0 left on base; Lake Minnetonka 0 - Reno 2
BOTTOM OF THE 3RD
Reno Silver Sox batting - Pitching for Lake Minnetonka Love Boats : LHP Isaaka Ienimea
Batting: RHB Jean Lechuga 0-0: Ball
1-0: Foul Ball, location: 2F
1-1: Ball
2-1: Called Strike
2-2: Ball
3-2: SINGLE (Groundball, 56D)
Batting: RHB Daniel Bertrand 0-0: Called Strike
0-1: Ball
1-1: Ball
2-1: Fly out, F9 (Flyball, 89M)
Batting: RHB Juan Laguna 0-0: Called Strike
0-1: Called Strike
0-2: Foul Ball, location: 2F
0-2: Foul Ball, location: 2F
0-2: Ball
1-2: Ball
2-2: Foul Ball, location: 2F
2-2: Fly out, F7 (Line Drive, 78S)
Batting: RHB Carlos González 0-0: Ball
Jean Lechuga steals 2nd base
1-0: Called Strike
1-1: Called Strike
1-2: Strikes out swinging
Bottom of the 3rd over - 0 runs, 1 hit, 0 errors, 1 left on base; Lake Minnetonka 0 - Reno 2
TOP OF THE 4TH
Lake Minnetonka Love Boats batting - Pitching for Reno Silver Sox : RHP Charlie Fairthorne
Batting: RHB Mario van Heijbeeck 0-0: Fly out, F8 (Flyball, 8RD)
Batting: LHB Juan Ramírez 0-0: Ball
1-0: Ball
2-0: Ball
3-0: Called Strike
3-1: Ground out 4-3 (Groundball, 34)
Batting: RHB Ed St. James 0-0: Ground out 6-3 (Groundball, 6)
Top of the 4th over - 0 runs, 0 hits, 0 errors, 0 left on base; Lake Minnetonka 0 - Reno 2
BOTTOM OF THE 4TH
Reno Silver Sox batting - Pitching for Lake Minnetonka Love Boats : LHP Isaaka Ienimea
Batting: RHB Roy Burns 0-0: Called Strike
0-1: Ball
1-1: Swinging Strike
1-2: Ball
2-2: Ball
3-2: Foul Ball, location: 2F
3-2: SINGLE (Line Drive, 7LS)
Batting: LHB Marcos Costa 0-0: Fly out, F9 (Flyball, 9S)
Batting: RHB Cody Blackburn 0-0: Swinging Strike
0-1: Fly out, F3 (Popup, 34)
Batting: LHB Luis Aranda 0-0: Called Strike
0-1: Foul Ball, location: 2F
0-2: Foul Ball, location: 2F
0-2: Foul Ball, location: 2F
0-2: Ball
1-2: Ball
2-2: Ball
3-2: Ground out U3 (Groundball, 3)
Bottom of the 4th over - 0 runs, 1 hit, 0 errors, 1 left on base; Lake Minnetonka 0 - Reno 2
TOP OF THE 5TH
Lake Minnetonka Love Boats batting - Pitching for Reno Silver Sox : RHP Charlie Fairthorne
Batting: LHB Matt Palmer 0-0: Ball
1-0: Ground out U3 (Groundball, 34)
Batting: RHB Francisco Guerra 0-0: Called Strike
0-1: SINGLE (Groundball, 56D)
Batting: RHB Hatui Haunani 0-0: Fly out, F8 (Flyball, 78D)
Pitching: RHP Chad Li
Batting: RHB Yoshii Saikawa 0-0: Ball
1-0: Ball
2-0: Called Strike
2-1: Called Strike
2-2: Strikes out swinging
Top of the 5th over - 0 runs, 1 hit, 0 errors, 1 left on base; Lake Minnetonka 0 - Reno 2
BOTTOM OF THE 5TH
Reno Silver Sox batting - Pitching for Lake Minnetonka Love Boats : LHP Isaaka Ienimea
Batting: RHB Lee Storment 0-0: Ground out 5-3 (Groundball, 5)
Batting: RHB Jean Lechuga 0-0: Called Strike
0-1: SOLO HOME RUN (Flyball, 7D), Distance : 368 ft
Batting: RHB Daniel Bertrand 0-0: Fly out, F8 (Flyball, 8LD)
Batting: RHB Juan Laguna 0-0: Ball
1-0: SINGLE (Line Drive, 9LS)
Batting: RHB Carlos González 0-0: Ball
1-0: Ball
2-0: Foul Ball, location: 2F
2-1: Hit by Pitch
Juan Laguna to second
Batting: RHB Roy Burns 0-0: Ground out 1-3 (Groundball, 13S)
Bottom of the 5th over - 1 run, 2 hits, 0 errors, 2 left on base; Lake Minnetonka 0 - Reno 3
TOP OF THE 6TH
Lake Minnetonka Love Boats batting - Pitching for Reno Silver Sox : RHP Chad Li
Batting: LHB Tom Haymon 0-0: Foul Ball, location: 2F
0-1: Called Strike
0-2: Strikes out looking
Batting: RHB Michael Sweeney 0-0: Swinging Strike
0-1: Fly out, F9 (Line Drive, 89S)
Batting: RHB Mario van Heijbeeck 0-0: Ball
1-0: Swinging Strike
1-1: Ground out 4-3 (Groundball, 4)
Top of the 6th over - 0 runs, 0 hits, 0 errors, 0 left on base; Lake Minnetonka 0 - Reno 3
BOTTOM OF THE 6TH
Reno Silver Sox batting - Pitching for Lake Minnetonka Love Boats : LHP Isaaka Ienimea
Batting: LHB Marcos Costa 0-0: SOLO HOME RUN (Line Drive, 7LD), Distance : 348 ft
Batting: RHB Cody Blackburn 0-0: Foul Ball, location: 2F
0-1: Ball
1-1: Fly out, F7 (Flyball, 7LSF)
Batting: LHB Luis Aranda 0-0: Ball
1-0: Ball
2-0: Ball
3-0: Base on Balls
Batting: RHB Lee Storment 0-0: Ball
1-0: Ball
2-0: Called Strike
2-1: Called Strike
2-2: Foul Ball, location: 2F
2-2: SINGLE (Groundball, 6MD)
Luis Aranda to second
Batting: RHB Jean Lechuga 0-0: Ball
1-0: Foul Ball, location: 2F
1-1: Ball
2-1: Foul Ball, location: 2F
2-2: Ball
3-2: Base on Balls
Luis Aranda to third
Lee Storment to second
Pitching: RHP Pablo Gómez
Batting: RHB Daniel Bertrand 0-0: Ball
1-0: Foul Ball, location: 2F
1-1: Ball
2-1: Foul Ball, location: 2F
2-2: Fly out, F7 (Flyball, 7LS)
Runner from 3rd tags up, SCORES, no throw
Now in LF: Mike Bean
Batting: RHB Juan Laguna 0-0: Called Strike
0-1: Ball
1-1: Fly out, F4 (Line Drive, 4)
Bottom of the 6th over - 2 runs, 2 hits, 0 errors, 2 left on base; Lake Minnetonka 0 - Reno 5
TOP OF THE 7TH
Lake Minnetonka Love Boats batting - Pitching for Reno Silver Sox : RHP Chad Li
Batting: LHB Juan Ramírez 0-0: Foul Ball, location: 2F
0-1: Foul Ball, location: 2F
0-2: Ball
1-2: Ball
2-2: Fly out, F8 (Flyball, 8LXD)
Batting: RHB Ed St. James 0-0: Called Strike
0-1: Foul Ball, location: 2F
0-2: Strikes out swinging
Batting: LHB Matt Palmer 0-0: Called Strike
0-1: SINGLE (Groundball, 34D)
Batting: RHB Francisco Guerra 0-0: Ball
1-0: Ball
2-0: Called Strike
2-1: Foul Ball, location: 2F
2-2: Ball
3-2: Foul Ball, location: 2F
3-2: Foul Ball, location: 2F
3-2: Strikes out swinging
Top of the 7th over - 0 runs, 1 hit, 0 errors, 1 left on base; Lake Minnetonka 0 - Reno 5
BOTTOM OF THE 7TH
Reno Silver Sox batting - Pitching for Lake Minnetonka Love Boats : RHP Pablo Gómez
Batting: RHB Carlos González 0-0: Called Strike
0-1: Swinging Strike
0-2: Strikes out looking
Batting: RHB Roy Burns 0-0: Called Strike
0-1: Ball
1-1: Foul Ball, location: 2F
1-2: SINGLE (Groundball, 6MD)
Batting: LHB Marcos Costa 0-0: Swinging Strike
0-1: Ball
1-1: Ball
2-1: Ball
3-1: Base on Balls
Roy Burns to second
Batting: RHB Cody Blackburn 0-0: Called Strike
0-1: Swinging Strike
0-2: Ball
1-2: Foul Ball, location: 2F
1-2: Ball
2-2: Foul Ball, location: 2F
2-2: Ball
3-2: Strikes out swinging
Batting: LHB Luis Aranda 0-0: Called Strike
0-1: Foul Ball, location: 2F
0-2: Ball
1-2: Strikes out swinging
Bottom of the 7th over - 0 runs, 1 hit, 0 errors, 2 left on base; Lake Minnetonka 0 - Reno 5
TOP OF THE 8TH
Lake Minnetonka Love Boats batting - Pitching for Reno Silver Sox : RHP Chad Li
Now at 1B: George Albaugh
Now at 3B: David Meléndez
Batting: RHB Hatui Haunani 0-0: Foul Ball, location: 2F
0-1: Ball
1-1: Foul Ball, location: 2F
1-2: SINGLE (Groundball, 4MD)
Batting: RHB Yoshii Saikawa 0-0: Called Strike
0-1: Swinging Strike
0-2: Ground out 4-3 (Groundball, 4MS)
Hatui Haunani to second
Batting: RHB Mike Bean 0-0: Ball
1-0: Ground out U3 (Groundball, 34S)
Hatui Haunani to third
Batting: RHB Michael Sweeney 0-0: Ball
1-0: Foul Ball, location: 2F
1-1: Fly out, F9 (Flyball, 9S)
Top of the 8th over - 0 runs, 1 hit, 0 errors, 1 left on base; Lake Minnetonka 0 - Reno 5
BOTTOM OF THE 8TH
Reno Silver Sox batting - Pitching for Lake Minnetonka Love Boats : RHP Pablo Gómez
Batting: RHB Lee Storment 0-0: Called Strike
0-1: Ball
1-1: Ground out 4-3 (Groundball, 4)
Batting: RHB Jean Lechuga 0-0: Ball
1-0: Swinging Strike
1-1: Ball
2-1: Called Strike
2-2: Ball
3-2: Ground out 5-3 (Groundball, 56)
Batting: RHB Daniel Bertrand 0-0: Called Strike
0-1: Ball
1-1: Ball
2-1: Ball
3-1: Foul Ball, location: 2F
3-2: Base on Balls
Batting: RHB Juan Laguna 0-0: Called Strike
0-1: Ground out 1-3 (Groundball, 13S)
Bottom of the 8th over - 0 runs, 0 hits, 0 errors, 1 left on base; Lake Minnetonka 0 - Reno 5
TOP OF THE 9TH
Lake Minnetonka Love Boats batting - Pitching for Reno Silver Sox : RHP Chad Li
Batting: RHB Mario van Heijbeeck 0-0: Ball
1-0: Ball
2-0: Ball
3-0: Called Strike
3-1: Base on Balls
Batting: LHB Juan Ramírez 0-0: Ball
1-0: Foul Ball, location: 2F
1-1: Ball
2-1: Foul Ball, location: 2F
2-2: Foul Ball, location: 2F
2-2: Fly out, F6 (Popup, 6)
Batting: RHB Ed St. James 0-0: Called Strike
0-1: SINGLE (Groundball, 4D)
Mario van Heijbeeck to second
Batting: LHB Matt Palmer 0-0: Ball
1-0: Called Strike
1-1: Foul Ball, location: 2F
1-2: Fly out, F6 (Line Drive, 6)
Batting: RHB Francisco Guerra 0-0: Foul Ball, location: 2F
0-1: Fielders Choice at 2nd, 5-4 (Groundball, 5L)
Top of the 9th over - 0 runs, 1 hit, 0 errors, 2 left on base; Lake Minnetonka 0 - Reno 5
Saturday, December 22nd, 2018 - OOTP Baseball 18.8 Build 76